Map: Cerulean Fall LE

Players

IHAVENONAME - Winner!

  • Race: Zerg Zerg
  • League: Platinum
  • Spawn Location: 1:00

kulaDELUXE

  • Race: Zerg Zerg
  • League: Platinum
  • Spawn Location: 7:00

VOD

Have the link to the VOD?

Description

Time

  • Played on: Dec. 14, 2018, 7:23 p.m.
  • Length: 10:29
Show
View Real Time Build Order
Export as new Build Order

IHAVENONAME Zerg - Winner!

Build Orders: Hatch First, Roach Hydra 

Get SALT Encoding   

  12  0:01  Drone  
  13  0:09  Drone  
  14  0:17  Overlord  
  14  0:35  Drone x3  
  17  0:54  Hatchery  
  16  0:57  Drone  
  16  1:02  Extractor, Drone  
  17  1:08  Drone  
  18  1:21  Spawning Pool  
  17  1:26  Drone  
  17  1:31  Overlord  
  18  1:40  Drone  
  19  1:53  Drone  
  20  2:07  Queen  
  20  2:08  Queen  
  22  2:09  Zergling x4  
  26  2:17  Spine Crawler  
  26  2:18  Zergling x2  
  26  2:21  Zergling x2  
  27  2:27  Zergling x2  
  28  2:30  Zergling x2  
  29  2:39  Zergling x2  
  30  2:44  Zergling x2  
  30  2:45  Zergling x2  
  32  2:51  Metabolic Boost  
  32  2:54  Zergling x2  
  33  2:59  Zergling x2  
  33  3:02  Overlord  
  34  3:12  Drone x2  
  36  3:24  Drone x3  
  36  3:25  Drone x2  
  41  3:31  Overlord  
  41  3:38  Drone x2  
  43  3:43  Drone  
  44  3:48  Lair  
  44  4:09  Zergling x4  
  46  4:10  Zergling x8  
  46  4:17  Drone x4  
  47  4:31  Drone x2  
  49  4:43  Roach Warren  
  49  4:44  Drone x3  
  49  4:45  Baneling Nest, Drone  
  51  4:47  Extractor  
  50  4:57  Overlord x2  
  50  5:01  Extractor  
  50  5:02  Hatchery  
  50  5:03  Extractor  
  50  5:06  Queen  
  49  5:12  Drone x3  
  43  5:30  Roach  
  43  5:31  Roach x5  
  54  5:42  Queen  
  56  5:47  Hydralisk Den  
  56  5:48  Drone x3  
  56  5:49  Drone x3  
  61  5:54  Drone  
  62  6:00  Glial Reconstitution  
  62  6:07  Zergling x4, Evolution Chamber  
  65  6:11  Roach x2  
  65  6:12  Overlord  
  67  6:21  Drone  
  67  6:22  Drone x4  
  67  6:24  Drone  
  73  6:30  Overlord x2  
  73  6:32  Grooved Spines  
  73  6:34  Zerg Missile Weapons Level 1  
  73  6:45  Roach  
  73  6:46  Roach x3  
  81  6:51  Zergling x2  
  81  6:52  Zergling x8  
  86  7:16  Hydralisk x3  
  86  7:17  Hydralisk x2  
  86  7:19  Zergling x4  
  86  7:22  Overlord  
  98  7:43  Zergling x12, Muscular Augments  
  98  7:44  Zergling x4  
  106  7:47  Overlord  
  106  7:48  Overlord x3  
  105  8:03  Hydralisk x2  
  105  8:04  Overlord x2  
  105  8:05  Overlord x4  
  100  8:23  Zergling x2  
  100  8:24  Zergling x14  
  101  8:36  Hydralisk x5  
  111  8:46  Hydralisk x2  
  115  8:49  Queen  
  115  8:51  Drone  
  115  8:53  Extractor  
  117  9:05  Roach x5  
  127  9:18  Hydralisk  
  127  9:19  Hydralisk x2  
  132  9:35  Zergling x6  
  132  9:36  Zergling x10  
  140  9:45  Extractor  
  149  10:28  Hatchery  
Show
View Real Time Build Order
Export as new Build Order

kulaDELUXE Zerg 

Build Orders: Pool First 

Get SALT Encoding   

  12  0:01  Drone  
  13  0:14  Overlord  
  13  0:26  Drone  
  14  0:33  Drone x2  
  16  0:42  Spawning Pool  
  15  0:45  Drone  
  16  0:51  Drone  
  17  0:59  Drone  
  18  1:15  Hatchery  
  17  1:19  Drone  
  17  1:22  Extractor  
  17  1:30  Zergling x2  
  17  1:31  Zergling x2  
  19  1:41  Zergling x2  
  20  1:51  Queen  
  20  1:52  Overlord  
  22  2:11  Drone  
  22  2:14  Drone  
  22  2:48  Drone x4  
  22  2:49  Queen, Drone  
  22  2:50  Queen  
  22  2:51  Metabolic Boost  
  31  2:56  Roach Warren  
  31  2:57  Extractor  
  29  3:00  Drone x3  
  32  3:26  Drone x4  
  36  3:29  Spine Crawler  
  36  3:32  Spine Crawler  
  36  3:33  Zergling x2  
  36  3:34  Zergling x2  
  35  3:53  Zergling x2  
  35  4:10  Zergling x2  
  35  4:33  Drone x2  
  35  4:34  Overlord  
  35  4:35  Overlord x2  
  36  4:41  Overlord  
  36  4:43  Overlord  
  36  4:56  Roach x5  
  36  4:57  Roach x2  
  50  5:04  Roach  
  50  5:05  Roach x2  
  56  5:08  Roach  
  58  5:18  Roach x2  
  58  5:29  Roach  
  58  5:31  Overlord  
  60  5:37  Roach  
  62  5:44  Queen  
  64  5:54  Drone x3  
  64  5:55  Drone x3  
  70  6:05  Queen  
  72  6:11  Extractor  
  71  6:27  Roach  
  71  6:28  Roach  
  77  6:32  Roach  
  77  6:33  Overlord x2  
  77  6:34  Overlord x2  
  77  6:39  Roach  
  81  6:40  Roach  
  81  6:43  Overlord  
  81  6:48  Roach  
  81  6:53  Roach  
  81  6:54  Roach  
  87  6:56  Overlord  
  87  7:07  Roach x3  
  93  7:11  Roach  
  95  7:16  Roach x2  
  99  7:29  Spore Crawler  
  98  7:30  Drone  
  98  7:31  Spore Crawler, Drone x2  
  98  7:32  Drone  
  101  7:53  Roach  
  101  7:54  Roach x5  
  92  8:21  Roach x6  
  92  8:22  Roach  
  98  8:41  Roach x4  
  92  8:42  Roach x4  
  92  8:46  Drone x2  
  92  8:47  Extractor  
  103  8:56  Roach  
  103  8:57  Roach  
  103  9:02  Roach x2  
  111  9:08  Roach x2  
  115  9:20  Overlord x3  
  115  9:29  Overlord x2  
  115  9:38  Drone  
  116  9:39  Drone x2  
  116  9:40  Drone x2  
Tags
 
Add a new tag
Caveats
  • Supply blocks, unpowered buildings, or Contaminate may cause inaccurate times.
  • Supply counts are checked every 10 seconds.